 Dungeon Crawl Stone Soup version 0.30-a0-381-g6ea064c7b4 (webtiles) character file.

Game seed: 12620637899687994200

950 gelatine the Firebug (level 7, -4/48 HPs)
             Began as a Demonspawn Fire Elementalist on Dec 2, 2022.
             Slain by a gnoll
             ... wielding a +0 club
             ... led by a gnoll sergeant
              (8 damage)
             ... on level 4 of the Dungeon.
             The game lasted 00:14:11 (4939 turns).

gelatine the Firebug (Demonspawn Fire Elementalist) Turns: 4939, Time: 00:14:15

Health: -4/48      AC:  2    Str:  8    XL:     7   Next: 90%
Magic:  1/14       EV: 12    Int: 19    God:
Gold:   126        SH:  0    Dex: 13    Spells: 12/15 levels left

rFire   . . .      SeeInvis .    h - +1 short sword (drain)
rCold   . . .      Faith    .    (no shield)
rNeg    . . .      Spirit   .    a - +0 robe
rPois   .          Reflect  .    (no helmet)
rElec   .          Harm     .    (no cloak)
rCorr   .          Rampage  .    (no gloves)
Will    .....                    (no boots)
Stlth   ++........               (no amulet)
HPRegen 0.28/turn                y - ring of wizardry
MPRegen 0.14/turn                (no ring)

@: no status effects
A: powered by death 1, sturdy frame 1, demonic magic 1, demonic touch 1
a: no special abilities


You were on level 4 of the Dungeon.
You visited 1 branch of the dungeon, and saw 5 of its levels.

You collected 168 gold pieces.
You spent 42 gold pieces at shops.

Inventory:

Hand Weapons
 e - a +2 dagger of speed
 h - a +1 short sword of draining (weapon)
 r - a +0 dagger of freezing
 A - a +1 dagger of electrocution
Missiles
 i - 4 curare-tipped darts
 u - 2 poisoned darts
 v - 3 boomerangs
Armour
 a - a +0 robe (worn)
Jewellery
 x - an amulet of guardian spirit
 y - a ring of wizardry (left hand)
Wands
 o - a wand of charming (11)
Scrolls
 d - 2 scrolls of poison
 k - a scroll of immolation
 n - a scroll of magic mapping
 p - a scroll of amnesia
 z - a scroll of silence {unknown}
 B - a scroll of teleportation {unknown}
Potions
 b - a potion of magic
 f - 2 potions of cancellation {unknown}
 g - 2 potions of curing
 j - a potion of mutation {unknown}
 l - a potion of berserk rage {unknown}
 m - a potion of heal wounds {unknown}
 q - 2 potions of lignification {unknown}
 s - 2 potions of flight {unknown}
 t - 2 potions of degeneration {unknown}
 w - a potion of haste {unknown}


   Skills:
 + Level 1.0 Fighting
 + Level 2.0 Short Blades
 + Level 2.4 Dodging
 + Level 3.9 Stealth
 + Level 4.8 Spellcasting
 + Level 3.3 Conjurations
 + Level 5.0 Fire Magic


You had 12 spell levels left.
You knew the following spells:

 Your Spells              Type           Power      Damage    Failure   Level
a - Foxfire               Conj/Fire      80%        2x1d8     1%          1
b - Scorch                Fire           46%        2d7       1%          2

Your spell library contained the following spells:

 Spells                   Type           Power      Damage    Failure   Level
 Beastly Appendage        Tmut           8%         N/A       5%          1
 Inner Flame              Hex/Fire       14%        N/A       6%          3
 Cigotuvi's Dreadful Rot  Necr/Pois/Air  8%         N/A       8%          2
 Poisonous Vapours        Pois/Air       8%         N/A       8%          2
 Wereblood                Tmut           4%         N/A       8%          2
 Kindle Blastsparks       Fire/Tloc/Air  22%        2d11      8%          3
 Flame Wave               Conj/Fire      20%        2d7       9%          4
 Mephitic Cloud           Conj/Pois/Air  8%         N/A       10%         3
 Spider Form              Tmut/Pois      4%         N/A       16%         3
 Vhi's Electric Charge    Tloc/Air       8%         N/A       16%         3
 Arcjolt                  Conj/Air       5%         1d15      54%         5
 Maxwell's Capacitive Co  Air            2%         ∞         100%        8


Dungeon Overview and Level Annotations

Branches:
Dungeon (5/15)
 Temple: D:4-7

Altars:
Ashenzari
Nemelex Xobeh
Okawaru

Shops:
D:3 ?


Innate Abilities, Weirdness & Mutations

You regenerate a little health from kills.
Your movements are slightly less encumbered by armour. (ER -2)
Spells you cast may paralyse adjacent enemies.
Your touch may inflict minor irresistible damage on your foes.


Message History

You hear an angry hiss.
The gnoll sergeant hits you from afar with a +2 spear of freezing.
The gnoll sergeant freezes you.
Something bites the plant.
The plant begins to die.
You hit the scorpion but do no damage. You drain the scorpion.
The scorpion is heavily wounded.
The scorpion barely misses you.
The gnoll sergeant hits you from afar with a +2 spear of freezing.
The gnoll sergeant freezes you.
Casting: Scorch (safe; 1% risk of failure)
Confirm with . or Enter, or press ? or * to list all spells.
Flames lash the gnoll.
The gnoll is severely wounded.
The gnoll's fire resistance burns away.
Malevolent energies surge around you.
The scorpion suddenly stops moving!
The gnoll sergeant is no longer more vulnerable to fire.
The gnoll sergeant hits you from afar with a +2 spear of freezing!
The gnoll sergeant freezes you.
Casting: Scorch (safe; 1% risk of failure)
Confirm with . or Enter, or press ? or * to list all spells.
You don't have enough magic to cast this spell.
The helpless scorpion fails to defend itself.
You hit the scorpion. You drain the scorpion.
You kill the scorpion!
A nearby plant withers and dies.
The gnoll sergeant barely misses you.
Your Short Blades skill increases to level 2!
Your Fire Magic skill increases to level 5!
An adder comes into view.
The gnoll sergeant hits you with a +2 spear of freezing!
* * * LOW HITPOINT WARNING * * *
The gnoll sergeant freezes you.
* * * LOW HITPOINT WARNING * * *
Okay, then.
It was a potion of curing.
You feel better.
A nearby plant withers and dies.
The gnoll sergeant hits you with a +2 spear of freezing.
* * * LOW HITPOINT WARNING * * *
The gnoll sergeant freezes you.
* * * LOW HITPOINT WARNING * * *
The gnoll hits you with a +0 club!
You die...

#.##.^.. ..P.P..
#.#^..## P.?....
#.##^'#. ..P....
#..###.. ..S....
##.....# ....... #......
PP....g###########..####
P..PP)gg........<..##
.......@############
###....## #####


You could see a gnoll sergeant, 2 gnolls and an adder.

Vanquished Creatures
  Pikel (D:4)
  2 lemures
  A bullfrog (D:5)
  2 scorpions (D:4)
  An orc priest (D:3)
  A jelly (D:4)
  Natasha (thrice) (D:2)
  4 gnolls
  5 adders
  A worm (D:3)
  3 dart slugs
  5 orcs
  9 ball pythons
  6 bats
  3 endoplasms
  3 giant cockroaches
  9 goblins
  5 hobgoblins
  7 jackals (D:1)
  5 quokkas
  6 frilled lizards
  3 kobolds
  3 rats
88 creatures vanquished.

Vanquished Creatures (collateral kills)
  2 foxfires (D:4)
2 creatures vanquished.

Vanquished Creatures (others)
  282 foxfires
  8 plants (D:4)
  7 toadstools (D:1)
297 creatures vanquished.

Grand Total: 387 creatures vanquished

Notes
Turn   | Place    | Note
-------+----------+-------------------------------------------
     0 | D:1      | gelatine the Demonspawn Fire Elementalist began the quest
                  | for the Orb.
     0 | D:1      | Reached XP level 1. HP: 13/13 MP: 3/3
   100 | D:1      | Reached skill level 3 in Fire Magic
   202 | D:1      | Gained mutation: You regenerate a little health from kills.
                  | [demonic ancestry]
   202 | D:1      | Reached XP level 2. HP: 19/19 MP: 0/5
   849 | D:1      | Gained mutation: Your touch may inflict minor irresistible
                  | damage on your foes. [demonic ancestry]
   849 | D:1      | Reached XP level 3. HP: 11/24 MP: 1/6
  1753 | D:2      | Found an iron altar of Okawaru.
  1950 | D:2      | Reached XP level 4. HP: 22/30 MP: 0/7
  2623 | D:2      | Noticed Natasha
  2633 | D:2      | Killed Natasha
  2700 | D:2      | Reached XP level 5. HP: 35/35 MP: 4/9
  2844 | D:2      | Noticed Natasha
  2850 | D:2      | Killed Natasha
  2870 | D:2      | Learned a level 2 spell: Scorch
  2889 | D:2      | Noticed Natasha
  2893 | D:2      | Killed Natasha
  3460 | D:3      | Found a faded altar of an unknown god.
  3487 | D:3      | Reached skill level 4 in Fire Magic
  3561 | D:3      | Found Puacecas's Magic Scroll Shop.
  3564 | D:3      | Bought a scroll of noise for 14 gold pieces
  3564 | D:3      | Bought a scroll of identify for 28 gold pieces
  4231 | D:4      | Gained mutation: Spells you cast may paralyse adjacent
                  | enemies. [demonic ancestry]
  4231 | D:4      | Reached XP level 6. HP: 37/41 MP: 6/11
  4395 | D:4      | Reached skill level 1 in Short Blades
  4507 | D:4      | Noticed Pikel
  4537 | D:5      | Entered Level 5 of the Dungeon
  4537 | D:5      | Found a broken altar of Ashenzari.
  4686 | D:4      | Killed Pikel
  4687 | D:4      | Reached skill level 1 in Fighting
  4687 | D:4      | Gained mutation: Your movements are slightly less
                  | encumbered by armour. (ER -2) [demonic ancestry]
  4687 | D:4      | Reached XP level 7. HP: 25/48 MP: 2/14
  4894 | D:4      | Found a sparkling altar of Nemelex Xobeh.
  4938 | D:4      | Reached skill level 5 in Fire Magic
  4939 | D:4      | Slain by a gnoll

Illustrated notes

Levels and vault maps discovered:
D:1:      nagdon_arrival_double_spiral, layout_loops_corners, dk_noncrumbling_3,
          minmay_misc_feat_tiny, hex_medium
D:2:      layout_basic, basic_altar, uniq_natasha
D:3:      layout_loops_corners, serial_shops, shop, basic_ecumenical_altar
D:4:      layout_loops_ring, nemelex_spade_bored_becter,
          nicolae_overflow_two_pavilions, nrook_mini_vaults,
          serial_bayou_lagoon_a, nicolae_grassy_gnolls, uniq_pikel
D:5:      layout_layer_cave, lemuel_crystal_altar

Skill      XL: |  1  2  3  4  5  6  7 |
---------------+----------------------+-----
Fire Magic     | 3 4 5 |  5.0
Dodging        | 2 |  2.4
Conjurations   | 2 3 |  3.3
Stealth        | 2 3 |  3.9
Spellcasting   | 3 4 |  4.8
Short Blades   | 1 2 |  2.0
Fighting       | 1 |  1.0

Action                   |  1- 3 |  4- 6 |  7- 9 || total
-------------------------+-------+-------+-------++-------
Melee: Unarmed           |    23 |       |       ||    23
       Short sword       |    19 |    38 |     2 ||    59
       Touch             |     1 |     9 |       ||    10
       Punch             |     1 |     1 |       ||     2
 Cast: Foxfire           |    77 |    88 |     8 ||   173
       Scorch            |       |    19 |     4 ||    23
  Use: Scroll            |       |     5 |       ||     5
       Potion            |       |       |     1 ||     1
 Stab: Distracted        |       |     1 |       ||     1
       Paralysed         |       |    10 |     1 ||    11
Armor: Robe              |     7 |     5 |       ||    12
Dodge: Dodged            |    44 |    32 |     2 ||    78

Table legend: (Time is in decaauts)
 A = Elapsed time spent in this place.
 B = Non-inter-level travel time spent in this place.
 C = Inter-level travel time spent in this place.
 D = Time resting spent in this place.
 E = Time spent auto-exploring this place.
 F = Levels seen in this place.
 G = Mean time per level.
                   A        B        C        D        E       F      G
               +--------+--------+--------+--------+--------+-----+--------+
         Total |   4945 |   4725 |    220 |      0 |   3990 |   5 |  989.0 |
       Dungeon |   4945 |   4725 |    220 |      0 |   3990 |   5 |  989.0 |
               +--------+--------+--------+--------+--------+-----+--------+

Top non-repeatable levels by time:
     D:1: 1750 daAuts
     D:2: 1351 daAuts
     D:3: 1131 daAuts
     D:4: 573 daAuts
     D:5: 139 daAuts
